 Dungeon Crawl Stone Soup version 0.19.4-10-g532645f (webtiles) character file.

151 Kosschaser the Bolt Thrower (level 5, -4/31 HPs)
             Began as a Kobold Hunter on Feb 24, 2017.
             Killed from afar by Natasha (5 damage)
             ... with a magic dart
             ... on level 2 of the Dungeon.
             The game lasted 00:17:35 (3565 turns).

Kosschaser the Bolt Thrower (Kobold Hunter)         Turns: 3565, Time: 00:17:36

Health: -4/31      AC:  3    Str:  9    XL:     5   Next: 60%
Magic:  5/5        EV: 15    Int: 12    God:
Gold:   74         SH:  0    Dex: 17    Spells: 0 memorised, 4 levels left

rFire  . . .     SeeInvis .     p - -1 short sword (curse)
rCold  . . .     Gourm    .     c - +0 leather armour
rNeg   . . .     Faith    .     (shield restricted)
rPois  .         Spirit   .     (no helmet)
rElec  .         Reflect  .     (no cloak)
rCorr  .         Harm     .     (no gloves)
MR     .....                    (no boots)
Stlth  ++........               (no amulet)
                                (no ring)
                                (no ring)

@: no status effects
A: carnivore 3
a: no special abilities


You were on level 2 of the Dungeon.
You were not hungry.

You visited 1 branch of the dungeon, and saw 2 of its levels.

You collected 74 gold pieces.

Inventory:

Hand Weapons
 a - a +1 hand crossbow
 b - a +0 short sword
 p - a cursed -1 short sword (weapon)
Missiles
 d - 8 bolts
Armour
 c - a +0 leather armour (worn)
Wands
 s - a wand of lightning (10/15)
Scrolls
 h - a scroll of noise {unknown}
 i - a scroll of enchant armour {unknown}
 j - a scroll of fear
 k - a scroll of identify {unknown}
 l - a scroll of immolation {unknown}
 q - a scroll of magic mapping {unknown}
 r - a scroll of teleportation {unknown}
Potions
 e - a potion of haste {unknown}
 g - 2 potions of curing {unknown}
 m - a potion of heal wounds {unknown}
 n - a potion of invisibility {unknown}
 o - a potion of brilliance {unknown}
Comestibles
 f - a meat ration


   Skills:
 + Level 2.7 Fighting
 + Level 1.1 Short Blades
 + Level 6.2 Crossbows
 + Level 1.0 Armour
 + Level 2.7 Dodging
 * Level 3.9 Stealth


You had 4 spell levels left.
You didn't know any spells.

Dungeon Overview and Level Annotations

Branches:
Dungeon (2/15)

Altars:

Annotations:
D:2 Natasha


Innate Abilities, Weirdness & Mutations

You are small and have problems with some larger weapons.
You are carnivorous and can eat meat at any time.


Message History

You hit Natasha but do no damage.
Natasha is moderately wounded.
Natasha completely misses you. The white imp gestures at you.
The puff of frost hits you!
* * * LOW HITPOINT WARNING * * *
The shadow imp closely misses you.
You hit Natasha.
Natasha is severely wounded.
Natasha stares at you and mumbles some strange words.
You resist with some effort.
You completely miss Natasha.
Natasha is severely wounded.
Natasha claws you.
* * * LOW HITPOINT WARNING * * *
You hit Natasha.
Natasha is severely wounded.
Natasha stares at you and mumbles some strange words.
The magic dart hits you!
You die...

'#...........#.#####.#
...#########.#.# #.#.#######
...#......<#.#.# #.........#
...#.#######.#.# #.#.#####.#
..)#.........#.# #.#.#...#.#
.......#######.# #.#.#.#.#.#
...###.#.....#.# #.#.#.#.#.#
######.##.##.#.###.#.#.#.#.######
#>........5h@................
##.##.####5###..(....#.#####.
#.#.....#.# ###.#.###.#####.
#####'#..##.#.# #.#.#.#......#
#........##.#.# #.#...#......+
#........##.#.# #.###.#......#
#.......###.#.# #.# #.#......#
#.............# #.# #.#......#
#.......###.#### #.###.#......#


You could see Natasha, a white imp and a shadow imp.

Vanquished Creatures
  Natasha (twice) (D:2)
  3 adders (D:2)
  An ooze (D:1)
  4 worms (D:2)
  2 dart slugs (D:1)
  2 leopard geckos (D:1)
  3 ball pythons
  2 giant cockroaches (D:2)
  7 goblins
  8 hobgoblins
  2 jackals (D:2)
  7 kobolds
  5 bats
  3 frilled lizards
  3 rats
54 creatures vanquished.

Notes
Turn   | Place    | Note
-------+----------+-------------------------------------------
     0 | D:1      | Kosschaser the Kobold Hunter began the quest for the Orb.
     0 | D:1      | Reached XP level 1. HP: 12/12 MP: 1/1
    93 | D:1      | Reached skill level 5 in Crossbows
   112 | D:1      | Reached XP level 2. HP: 17/17 MP: 2/2
   231 | D:1      | Reached XP level 3. HP: 21/21 MP: 3/3
   908 | D:2      | Reached skill level 6 in Crossbows
   931 | D:2      | Reached XP level 4. HP: 27/27 MP: 4/4
  1918 | D:2      | Noticed Natasha
  2119 | D:2      | Reached XP level 5. HP: 30/31 MP: 5/5
  2323 | D:2      | Killed Natasha
  2323 | D:2      | Reached skill level 1 in Short Blades
  2323 | D:2      | Reached skill level 1 in Armour
  2624 | D:2      | Noticed Natasha
  2997 | D:2      | Killed Natasha
  3553 | D:2      | Noticed Natasha
  3564 | D:2      | HP: 1/31 [Natasha (3)]
  3565 | D:2      | Killed from afar by Natasha

Skill      XL: |  1  2  3  4  5 |
---------------+----------------+-----
Crossbows      | 5 6 |  6.2
Stealth        | 2 3 |  3.9
Short Blades   | 1 |  1.1
Armour         | 1 |  1.0
Fighting       | |  2.7
Dodging        | |  2.7

Action                   |  1- 3 |  4- 6 || total
-------------------------+-------+-------++-------
Melee: Short sword       |    21 |   115 ||   136
 Fire: Hand crossbow     |    39 |    21 ||    60
  Use: Scroll            |     1 |     1 ||     2
 Stab: Sleeping          |     1 |     4 ||     5
  Eat: Chunk             |     5 |     7 ||    12
Armor: Leather armour    |     6 |    11 ||    17
Dodge: Dodged            |    20 |   103 ||   123
